 Dungeon Crawl Stone Soup version 0.32-a0-558-g233958a4c4 (webtiles) character file.

Game seed: 11414324069092039610

35705 PyrotechnicPerformer the Scorcher (level 13, -5/113 HPs)
             Began as a Red Draconian Cinder Acolyte on Mar 1, 2024.
             Was a High Priest of Ignis.
             Slain by a skyshark (8 damage)
             ... on level 4 of the Lair of Beasts.
             The game lasted 00:25:22 (21855 turns).

PyrotechnicPerformer the Scorcher (DrCA)           Turns: 21855, Time: 00:25:22

Health: -5/113     AC: 12    Str: 24    XL:     13   Next: 49%
Magic:  23/27      EV: 12    Int: 17    God:    Ignis [*****.]
Gold:   474        SH:  0    Dex:  8    Spells: 20/33 levels left

rFire   + +          +
                       - Unarmed
rCold   . . .        (no shield)
rNeg    . . .        (body armour unavailable)
rPois   .            (helmet restricted)
rElec   .            G - +2 cloak
rCorr   .            (no gloves)
SInv    .            w - +0 pair of boots
Will    .....        r - amulet of the acrobat
Stlth   +            E - +6 ring of strength
HPRegen 0.38/turn    J - ring of protection from fire
MPRegen 0.20/turn

%: acrobat
@: no status effects
A: combustion breath, AC +8, unfitting armour, fire resistance 1, cold-blooded
a: Combustion Breath, Renounce Religion, Fiery Armour, Foxfire Swarm, Rising
Flame


You were on level 4 of the Lair of Beasts.
You worshipped Ignis.
Ignis was extremely pleased with you.
You visited 3 branches of the dungeon, and saw 16 of its levels.

You collected 808 gold pieces.
You spent 334 gold pieces at shops.

Inventory:

Missiles
 F - 3 throwing nets
 M - 4 curare-tipped darts
Armour
 w - a +0 pair of boots (worn)
 G - a +2 cloak (worn)
Jewellery
 e - a ring of magical power
 r - an amulet of the acrobat (around neck)
 E - a +6 ring of strength (left hand)
 J - a ring of protection from fire (right hand)
 L - a +5 ring of evasion
Talismans
 j - a flux talisman
 l - a beast talisman
Wands
 c - a wand of acid (5)
 i - a wand of iceblast (5)
 k - a wand of flame (7)
 o - a wand of paralysis (5)
 v - a wand of digging (12)
Scrolls
 b - a scroll of brand weapon
 f - 3 scrolls of blinking {@r4}
 g - 5 scrolls of teleportation {@r3}
 m - a scroll of vulnerability {!r}
 p - a scroll of torment
 y - 4 scrolls of amnesia
 B - 2 scrolls of enchant armour
 D - a scroll of fog {@r2}
 H - a scroll of poison {unknown}
 I - 2 scrolls of enchant weapon
 N - a scroll of revelation {@r5}
Potions
 a - 4 potions of lignification
 d - a potion of berserk rage
 h - 4 potions of degeneration {unknown}
 n - a potion of mutation {unknown}
 q - a potion of invisibility {unknown}
 s - 2 potions of brilliance {unknown}
 t - a potion of cancellation
 u - 3 potions of haste {unknown}
 x - 8 potions of curing {@q2}
 z - 4 potions of resistance {unknown}
 A - 2 potions of enlightenment {unknown}
 C - a potion of ambrosia {unknown}
 K - a potion of magic {unknown}


   Skills:
 - Level 10.0 Fighting
 - Level 5.0 Dodging
 - Level 10.0 Unarmed Combat
 + Level 10.9 Spellcasting
 - Level 18.0 Fire Magic


You had 20 spell levels left.
You knew the following spells:

 Your Spells              Type           Power      Damage    Failure   Level
a - Scorch                Fire           100%       2d9       0%          2
i - Inner Flame           Hex/Fire       39%        N/A       1%          3
I - Ignition              Fire           31%        3d10      32%         8

Your spell library contained the following spells:

 Spells                   Type           Power      Damage    Failure   Level
 Apportation              Tloc           18%        N/A       8%          1
 Freeze                   Ice            36%        1d5       8%          1
 Kiss of Death            Conj/Necr      36%        2d8       8%          1
 Magic Dart               Conj           36%        1d4       8%          1
 Necrotise                Necr           36%        1d5       8%          1
 Sting                    Conj/Alch      36%        1d5       8%          1
 Summon Small Mammal      Summ           36%        N/A       8%          1
 Mercury Vapours          Alch/Air       18%        N/A       12%         2
 Searing Ray              Conj           18%        2d5       12%         2
 Confusing Touch          Hex            9%         N/A       24%         3
 Frozen Ramparts          Ice            18%        1d3       24%         3
 Fugue of the Fallen      Necr           9%         N/A       24%         3
 Hailstorm                Conj/Ice       9%         3d6       24%         3
 Mephitic Cloud           Conj/Alch/Air  9%         N/A       24%         3
 Ozocubu's Armour         Ice            9%         N/A       24%         3
 Tukima's Dance           Hex            9%         N/A       24%         3
 Dispel Undead            Necr           9%         3d8       61%         4
 Fulminant Prism          Conj/Alch      4%         3d5       61%         4
 Leda's Liquefaction      Alch/Erth      4%         N/A       61%         4
 Manifold Assault         Tloc           9%         N/A       61%         4
 Passage of Golubria      Tloc           9%         N/A       61%         4
 Freezing Cloud           Conj/Ice/Air   4%         6-21      91%         5
 Irradiate                Conj/Alch      4%         3d13      91%         5
 Lee's Rapid Deconstruct  Erth           4%         3d5*      91%         5
 Yara's Violent Unravell  Hex/Alch       4%         3d4       91%         5
 Bombard                  Conj/Erth      4%         9d2       100%        6


Dungeon Overview and Level Annotations

Branches:
Dungeon (11/15)            Temple (1/1) D:7            Lair (4/5) D:10
  Swamp (0/4) Lair:3        Snake (0/4) Lair:3          Orc (0/2) D:11
  Slime: Lair:4-5

Altars:
Ashenzari
Cheibriados
Dithmenos
Elyvilon
Fedhas
Gozag
Hepliaklqana
Kikubaaqudgha
Makhleb
Nemelex Xobeh
Okawaru
Qazlal
Ru
Sif Muna
Trog
Uskayaw
Vehumet
Wu Jian
Xom
Yredelemnul
Zin
The Shining One
Jiyva

Shops:
D:5 ?!   D:7 (   D:8 !=   D:9 =*   D:11 (

Annotations:
D:3 1 runed translucent door, kae's ghost, amateur DEFE
Lair:2 3 runed translucent doors, Curunk's ghost, journeyman HOBe
Lair:4 3 runed translucent doors, Xuostraza's ghost, journeyman TeFE; seren's ghost, journeyman CoGl


Innate Abilities, Weirdness & Mutations

You can breathe blasts of explosive embers.
Your fiery red scales are hard. (AC +8)
You cannot fit into any form of body armour.
Your flesh is heat resistant. (rF+)
You are cold-blooded and may be slowed by cold attacks.


Message History

You hit the polar bear but do no damage.
Your punch misses the polar bear.
The polar bear is severely wounded.
The polar bear is engulfed in blazing flames.
Flame seeps out of the polar bear.
The polar bear bites you!! The polar bear closely misses you.
The polar bear claws you but does no damage.
The skyshark closely misses you. The skyshark tail-slaps you!
The skyshark misses you.
You punch the polar bear!
Flame seeps out of the polar bear.
The polar bear is almost dead.
The polar bear bites you! The polar bear closely misses you.
The polar bear claws you but does no damage.
The skyshark bites you!
The skyshark enters a blood-rage!
The skyshark tail-slaps you!
* * * LOW HITPOINT WARNING * * *
The skyshark tail-slaps you but does no damage.
You hit the polar bear.
The polar bear explodes!
The fiery explosion engulfs you. You resist.
* * * LOW HITPOINT WARNING * * *
The fiery explosion engulfs the skyshark!!!
The skyshark is heavily wounded.
The skyshark is engulfed in blazing flames.
The skyshark bites you!
* * * LOW HITPOINT WARNING * * *
The skyshark tail-slaps you but does no damage.
The skyshark barely misses you.
Casting: Inner Flame (safe; 1% risk of failure)
Confirm with . or Enter, or press ? or * to list all spells.
Flames lash the skyshark.
The skyshark is severely wounded.
The skyshark's fire resistance burns away.
The skyshark is engulfed in blazing flames.
The skyshark bites you!
* * * LOW HITPOINT WARNING * * *
The skyshark tail-slaps you but does no damage.
The skyshark tail-slaps you!
You die...
Ignis goes out, and joins you in death.

##.##...# ........###
.........P#
..........#
........#. .........#
.....§F..#
.......@.##
....####..## # #...#
###.## #.#....### #
#........#### #
..........<...#######
......[.........##.##
....................#


You could see a skyshark (berserk, combustible).

Vanquished Creatures
  Nessos (Lair:3)
  A catoblepas (Lair:3)
  A hydra (Lair:2)
  A two-headed ogre (D:8)
  Sonja (Lair:3)
  An ugly thing (D:11)
  A manticore (D:11)
  A cyclops (D:10)
  3 black mambas
  20 elephants
  Maggie (D:7)
  8 cane toads
  2 gargoyles (D:11)
  Jeremiah (D:6)
  3 rime drakes
  8 komodo dragons
  2 trolls
  A hornet (Lair:3)
  4 polar bears
  8 blink frogs
  3 wyverns
  2 wraiths
  42 yaks
  A steam dragon (D:9)
  Menkaure (D:5)
  2 nagas (Lair:3)
  17 water moccasins
  Duvessa (D:7)
  3 orc warriors
  A sky beast (D:7)
  An ice beast (D:7)
  2 black bears
  3 ogres
  11 wolves
  4 centaurs
  2 phantoms
  2 kobold brigands
  14 bullfrogs
  5 gnoll sergeants
  2 scorpions
  8 wights
  Dowan (D:7)
  6 killer bees (D:7)
  A lava snake (Lair:1)
  2 bombardier beetles (D:6)
  7 hounds
  A gnoll bouda (D:8)
  3 orc priests
  A sleepcap (D:3)
  3 iguanas
  8 orc wizards
  25 gnolls
  6 adders
  3 dart slugs
  A ribbon worm (D:3)
  46 orcs
  11 endoplasms
  5 giant cockroaches
  4 goblins
  4 hobgoblins
  11 jackals
  2 quokkas
  7 ball pythons
  5 bats
  4 frilled lizards
  13 kobolds
  5 rats
381 creatures vanquished.

Notes
Turn   | Place    | Note
-------+----------+-------------------------------------------
     0 | D:1      | PyrotechnicPerformer the Draconian Cinder Acolyte began the
                  | quest for the Orb.
     0 | D:1      | Reached XP level 1. HP: 19/19 MP: 2/2
   153 | D:1      | Reached XP level 2. HP: 21/26 MP: 3/3
   710 | D:1      | Learned a level 2 spell: Scorch
   727 | D:2      | Reached XP level 3. HP: 31/31 MP: 2/5
   767 | D:2      | Found an ornate altar of the Wu Jian Council.
  1430 | D:3      | Found a runed translucent door.
  1430 | D:3      | Noticed kae's ghost (amateur DEFE)
  1536 | D:3      | Identified the +7 short sword of the Messenger {heavy,
                  | Dex+3}
  1542 | D:3      | Found a faded altar of an unknown god.
  1618 | D:3      | Reached XP level 4. HP: 34/40 MP: 2/6
  2581 | D:4      | Reached XP level 5. HP: 46/46 MP: 3/8
  3695 | D:5      | Entered Level 5 of the Dungeon
  3695 | D:5      | Found Doggumoh's Magic Scroll Emporium.
  3760 | D:5      | Reached skill level 4 in Fire Magic
  3760 | D:5      | Reached XP level 6. HP: 53/53 MP: 4/9
  4002 | D:5      | Reached skill level 5 in Unarmed Combat
  4316 | D:5      | Noticed Menkaure
  4322 | D:5      | Killed Menkaure
  4323 | D:5      | Reached skill level 5 in Fighting
  4323 | D:5      | Your scales start taking on a fiery red colour.
  4323 | D:5      | Reached XP level 7. HP: 12/61 MP: 2/11
  4323 | D:5      | Gained mutation: Your flesh is heat resistant. (rF+) [Red
                  | Draconian growth]
  5249 | D:5      | Found Fido's Distillery.
  5254 | D:5      | Bought a potion of heal wounds for 55 gold pieces
  5254 | D:5      | Bought 2 potions of curing for 66 gold pieces
  5254 | D:5      | Bought a potion of cancellation for 88 gold pieces
  5393 | D:5      | Found a shimmering blue altar of Sif Muna.
  5570 | D:5      | Found a sparkling altar of Nemelex Xobeh.
  5571 | D:5      | Found an iron altar of Okawaru.
  5762 | D:6      | Reached XP level 8. HP: 55/70 MP: 2/14
  6095 | D:6      | Noticed Jeremiah
  6785 | D:6      | Killed Jeremiah
  7217 | D:7      | Noticed Duvessa
  7231 | D:7      | Noticed Dowan
  7232 | D:7      | Killed Duvessa
  7233 | D:7      | Reached XP level 9. HP: 79/79 MP: 2/15
  7238 | D:7      | Killed Dowan
  7443 | D:7      | Found Aryduk's Weapon Boutique.
  7479 | D:7      | Found a staircase to the Ecumenical Temple.
  7518 | Temple   | Entered the Ecumenical Temple
  7776 | D:7      | Noticed Maggie
  7973 | D:7      | Reached skill level 10 in Unarmed Combat
  8002 | D:7      | Killed Maggie
  8550 | D:7      | Reached skill level 10 in Fighting
  8550 | D:7      | Reached skill level 5 in Fire Magic
  9041 | D:8      | Noticed a two-headed ogre
  9045 | D:8      | Reached skill level 1 in Dodging
  9059 | D:8      | Killed a two-headed ogre
  9060 | D:8      | Reached XP level 10. HP: 41/93 MP: 1/17
  9282 | D:7      | Reached skill level 6 in Fire Magic
  9833 | D:8      | Reached skill level 5 in Spellcasting
 10534 | D:8      | Found Goqovu's Distillery.
 10542 | D:8      | Bought a potion of curing for 45 gold pieces
 10542 | D:8      | Bought a potion of curing for 45 gold pieces
 10593 | D:8      | Found a radiant altar of Vehumet.
 10593 | D:8      | Found a shimmering altar of Xom.
 10759 | D:8      | Reached skill level 7 in Fire Magic
 10917 | D:8      | Found Wurghi's Jewellery Boutique.
 11828 | D:9      | Found Wivar's Jewellery Shoppe.
 11992 | D:9      | Reached skill level 8 in Fire Magic
 12832 | D:9      | Found Ynom's CLEARANCE SALE!.
 12841 | D:9      | Bought a potion of heal wounds for 25 gold pieces
 12841 | D:9      | Bought a scroll of identify for 10 gold pieces
 12946 | D:10     | Entered Level 10 of the Dungeon
 13030 | D:10     | Reached skill level 5 in Dodging
 13153 | D:10     | Noticed a green ugly thing
 13154 | D:10     | Noticed an ogre mage
 13177 | D:10     | Found a staircase to the Lair.
 13274 | D:10     | Noticed a cyclops
 13293 | D:10     | Reached XP level 11. HP: 53/99 MP: 3/21
 13296 | D:10     | Reached skill level 9 in Fire Magic
 13692 | D:11     | Learned a level 3 spell: Inner Flame
 13867 | D:11     | Noticed a purple ugly thing
 14062 | D:11     | Found Soall's Weapon Shop.
 14407 | D:11     | Killed a purple ugly thing
 14408 | D:11     | Reached skill level 10 in Fire Magic
 14504 | D:11     | Found a staircase to the Orcish Mines.
 14846 | Lair:1   | Entered Level 1 of the Lair of Beasts
 15284 | Lair:1   | Reached skill level 11 in Fire Magic
 16073 | Lair:1   | Reached skill level 12 in Fire Magic
 16081 | Lair:1   | Reached XP level 12. HP: 53/106 MP: 9/25
 17331 | Lair:2   | Reached skill level 10 in Spellcasting
 17442 | Lair:2   | Reached skill level 13 in Fire Magic
 17754 | Lair:2   | Noticed an eight-headed hydra
 17766 | Lair:2   | Reached skill level 14 in Fire Magic
 17768 | Lair:2   | Killed an eight-headed hydra
 18062 | Lair:2   | Found a runed translucent gate.
 18062 | Lair:2   | Found a runed translucent gate.
 18062 | Lair:2   | Found a runed translucent gate.
 18067 | Lair:2   | Found a viscous altar of Jiyva.
 18067 | Lair:2   | Noticed Curunk's ghost (journeyman HOBe)
 18354 | Lair:2   | Learned a level 8 spell: Ignition
 18394 | Lair:3   | Found a staircase to the Swamp.
 18422 | Lair:3   | Reached skill level 15 in Fire Magic
 18860 | Lair:3   | Noticed Nessos
 19307 | Lair:3   | Killed Nessos
 19349 | Lair:3   | Noticed a catoblepas
 19363 | Lair:3   | Killed a catoblepas
 19364 | Lair:3   | Reached skill level 16 in Fire Magic
 19373 | Lair:3   | Noticed Sonja
 19376 | Lair:3   | Killed Sonja
 19730 | Lair:3   | Found a staircase to the Snake Pit.
 20498 | Lair:4   | Reached XP level 13. HP: 113/113 MP: 22/27
 20692 | Lair:4   | HP: 4/113 [blink frog (15)]
 20700 | Lair:4   | Reached skill level 17 in Fire Magic
 21215 | Lair:4   | Reached skill level 18 in Fire Magic
 21810 | Lair:4   | Found a runed translucent gate.
 21810 | Lair:4   | Found a runed translucent gate.
 21812 | Lair:4   | Found a runed translucent gate.
 21814 | Lair:4   | Noticed seren's ghost (journeyman CoGl)
 21814 | Lair:4   | Noticed Xuostraza's ghost (journeyman TeFE)
 21855 | Lair:4   | HP: 3/113 [skyshark (14)]
 21855 | Lair:4   | Slain by a skyshark

Illustrated notes

Levels and vault maps discovered:
D:1:      mrwooster_arrival_statue_3, layout_basic
D:2:      layout_rooms, basic_altar
D:3:      layout_loops_cross, ebering_ecumenical_altar_box,
          gammafunk_ghost_grave
D:4:      layout_basic
D:5:      nicolae_cairo_tiling_large, layout_basic, kennysheep_mini_moat,
          nicolae_overflow_hidden_temple, serial_shops, shop, shop_fountains,
          kennysheep_boxes, uniq_menkaure
D:6:      minmay_recursive_quarters, layout_loops_ring, uniq_jeremiah
D:7:      layout_basic, minmay_temple_entry_waves, serial_shops,
          nicolae_square_shop, uniq_duvessa, uniq_maggie
D:8:      layout_basic, gammafunk_temple_overflow_wave, serial_shops, shop,
          nicolae_shop_pleasant_corner_grove, kennysheep_generic_room_9
D:9:      layout_loops_ring, serial_shops, nicolae_shop_waterfront,
          nicolae_shop_clearance
D:10:     layout_rooms, lair_entry_dummy, lightli_corner_chamber
D:11:     nicolae_cairo_tiling_large_dashed, layout_irregular_city, orc_0_dummy,
          serial_shops, nicolae_shop_bloodbath_and_beyond
Temple:   minmay_temple_bridge_d
Lair:1:   layout_gridlike, chequers_serial_rivers_room_a
Lair:2:   layout_loops_ring, gammafunk_ghost_ooze, infiniplex_staircase_pool,
          grunt_megastairs_5, serial_bayou_shore_b
Lair:3:   layout_small_grid, swamp_mist, guppyfry_snake_entry_island,
          beast_lair_carwin_9, uniq_nessos, uniq_sonja
Lair:4:   layout_cave_pods, dpeg_slime_entry_corner, gammafunk_ghost_cemetery,
          serial_bayou_pond_a, ldierk_geyser

Skill      XL: |  1  2  3  4  5  6  7  8  9 10 11 12 13 |
---------------+----------------------------------------+-----
Unarmed Combat | 4 5 7 9 10 | 10.0
Fighting       | 4 5 6 7 10 | 10.0
Spellcasting   | 2 3 4 6 9 10 | 10.9
Fire Magic     | 4 5 8 12 16 18 | 18.0
Dodging        | 2 5 |  5.0

Action                     |  1- 3 |  4- 6 |  7- 9 | 10-12 | 13-15 || total
---------------------------+-------+-------+-------+-------+-------++-------
  Melee: Unarmed           |   106 |    40 |    68 |   115 |    54 ||   383
         Tailslap          |    18 |     6 |     4 |    23 |     8 ||    59
         Punch             |     3 |       |     2 |     8 |     5 ||    18
   Cast: Scorch            |    21 |    53 |   158 |   377 |    52 ||   661
         Inner Flame       |       |       |       |    26 |    15 ||    41
Ability: Combustion Breath |       |       |     8 |     4 |     1 ||    13
  Evoke: Wand              |       |       |    25 |    12 |     5 ||    42
    Use: Potion            |       |       |     4 |     2 |     3 ||     9
         Scroll            |       |       |       |    14 |       ||    14
   Stab: Paralysed         |       |       |       |     6 |       ||     6
 Armour: Skin              |    64 |    27 |   135 |   316 |   110 ||   652
  Dodge: Dodged            |    70 |    21 |   117 |   211 |    54 ||   473

Table legend: (Time is in decaauts)
 A = Elapsed time spent in this place.
 B = Non-inter-level travel time spent in this place.
 C = Inter-level travel time spent in this place.
 D = Time resting spent in this place.
 E = Time spent auto-exploring this place.
 F = Levels seen in this place.
 G = Mean time per level.
                   A        B        C        D        E       F      G
               +--------+--------+--------+--------+--------+-----+--------+
         Total |  21847 |  21040 |    807 |   3911 |  14867 |  16 | 1365.4 |
       Dungeon |  15185 |  14467 |    718 |   2456 |  10514 |  11 | 1380.5 |
        Temple |      1 |      1 |      0 |      0 |      0 |   1 |    1.0 |
          Lair |   6659 |   6572 |     87 |   1455 |   4353 |   4 | 1664.8 |
               +--------+--------+--------+--------+--------+-----+--------+

Top non-repeatable levels by time:
     D:7: 2341 daAuts
     D:5: 1921 daAuts
  Lair:1: 1908 daAuts
     D:6: 1757 daAuts
     D:8: 1728 daAuts
  Lair:2: 1695 daAuts
  Lair:3: 1690 daAuts
     D:9: 1489 daAuts
    D:10: 1376 daAuts
  Lair:4: 1365 daAuts
     D:4: 1242 daAuts
     D:3: 1108 daAuts
    D:11: 882 daAuts
     D:1: 723 daAuts
     D:2: 613 daAuts
